 Dungeon Crawl Stone Soup version 0.29-a0-338-g1ff7896281 (webtiles) character file.

Game seed: 17924929284476596769

9923 Newman the Carver (level 11, 0/81 HPs)
             Began as a Demonspawn Gladiator on Apr 17, 2022.
             Was an Initiate of Gozag.
             Killed from afar by a fire crab (shapeshifter) (3 damage)
             ... with a blast of flame
             ... on level 10 of the Dungeon.
             The game lasted 00:14:03 (12704 turns).

Newman the Carver (Demonspawn Gladiator)           Turns: 12704, Time: 00:14:06

Health: 0/81       AC: 14    Str: 19    XL:     11   Next: 29%
Magic:  11/11      EV: 13    Int: 10    God:    Gozag
Gold:   483        SH:  0    Dex: 20    Spells: 10/10 levels left

rFire   . . .      SeeInvis .   w - +2 double sword (freeze)
rCold   . . .      Faith    .   H - orb {light}
rNeg    . . .      Spirit   .   J - +0 ring mail "Notsia" {Will+}
rPois   .          Reflect  .   c - +1 helmet
rElec   .          Harm     .   G - +2 cloak {Will+}
rCorr   .          Rampage  .   (no gloves)
Will    ++...                   (no boots)
Stlth   +.........              (no amulet)
HPRegen 0.23/turn               A - +6 ring of dexterity
MPRegen 0.12/turn               (no ring)

@: gold aura, glowing
A: claws 2, icy blue scales 1, ignite blood 1, spiny 3
a: Renounce Religion, Potion Petition, Call Merchant, Bribe Branch


You were on level 10 of the Dungeon.
You worshipped Gozag.
Gozag was aware of your devotion.
You visited 2 branches of the dungeon, and saw 11 of its levels.
You also visited: Sewer.

You collected 1563 gold pieces.
You spent 330 gold pieces at shops.
You paid 750 gold pieces to Gozag.

Inventory:

Hand Weapons
 w - a +2 double sword of freezing (weapon)
 I - the +7 rapier of the Curious Portals {vorpal, Int+5}
   (You found it on level 8 of the Dungeon)

   It inflicts extra damage upon your enemies.
   Int:       It affects your intelligence (+5).
Missiles
 e - a javelin (quivered)
Armour
 b - a +0 leather armour
 c - a +1 helmet (worn)
 g - a +1 pair of gloves
 k - a +0 chain mail
 l - a +0 kite shield
 G - a +2 cloak of willpower (worn)
 H - an orb of light (worn)
 J - the +0 ring mail "Notsia" (worn) {Will+}
   (You took it off a kobold on level 4 of the Dungeon)

   Will:      It increases your willpower.
Jewellery
 m - an amulet of faith
 x - the ring of the Devil's Team {rF- rN+ MP+9 Stlth+}
   (You found it on level 6 of the Dungeon)

   [ring of magical power]

   rF:        It makes you vulnerable to fire.
   rN:        It protects you from negative energy.
   MP:        It affects your magic capacity (+9).
   Stlth:     It makes you more stealthy.
 z - a ring of wizardry
 A - a +6 ring of dexterity (left claw)
 K - a ring of ice
Wands
 d - a wand of flame (12)
 f - a wand of mindburst (10)
 s - a wand of digging (12)
 v - a wand of charming (7)
 C - a wand of paralysis (14)
 E - a wand of polymorph (2)
 F - a wand of acid (3)
Scrolls
 h - 7 scrolls of teleportation
 j - 2 scrolls of amnesia
 t - 2 scrolls of summoning
 y - 2 scrolls of vulnerability
 D - 2 scrolls of magic mapping
 L - a scroll of identify
Potions
 a - a potion of invisibility {unknown}
 i - 3 potions of mutation
 n - 2 potions of ambrosia
 o - 9 potions of curing
 p - 4 potions of heal wounds
 q - 2 potions of brilliance
 r - 3 potions of haste
 u - a potion of cancellation


   Skills:
 + Level 6.2 Fighting
 * Level 12.5 Long Blades
 - Level 4.6 Axes
 - Level 1.9 Throwing
 + Level 7.0 Armour
 + Level 3.9 Dodging
 - Level 0.1 Stealth
 - Level 2.0 Shields
 - Level 0.3 Evocations


You had 10 spell levels left.
You didn't know any spells.
Your spell library contained the following spells:

 Spells                   Type           Power      Damage    Failure   Level
 Shock                    Conj/Air       0%         1d3       52%         1
 Sublimation of Blood     Necr           0%         N/A       67%         2
 Swiftness                Air            0%         N/A       88%         3
 Airstrike                Air            0%         N/A       99%         4
 Petrify                  Tmut/Erth      0%         N/A       99%         4
 Irradiate                Conj/Tmut      0%         3d13      100%        5


Dungeon Overview and Level Annotations

Branches:
Dungeon (10/15)            Temple (1/1) D:5           Sewer (visited)
   Lair: D:8-11         Orc: D:9-12

Altars:
Dithmenos
Elyvilon
Gozag
Makhleb
Nemelex Xobeh
Vehumet
Wu Jian
Xom
Yredelemnul

Shops:
D:1 ?

Annotations:
D:4 2 runed translucent doors, Crazy Yiuf


Innate Abilities, Weirdness & Mutations

You have very sharp fingernails.
You are partially covered in icy blue scales. (AC +2)
Your demonic aura sometimes causes spilled blood to erupt in flames.
You are completely covered in sharp spines.


Message History

The blast of flame engulfs you.
A brown ugly thing comes into view.
The orc warrior is engulfed in blazing flames.
The orc warrior is distracted by your dazzling golden aura.
The orc warrior shouts!
The brown ugly thing gurgles horribly!
You hit the orc warrior but do no damage.
The orc warrior is no longer distracted by gold.
The orc warrior is moderately wounded.
The fire crab breathes flames at you. The blast of flame engulfs you!
The orc wizard shouts!
You slice the orc warrior!! You freeze the orc warrior.
You kill the orc warrior!
The orc wizard casts a spell.
The orc wizard flickers and vanishes!
Deactivating autopickup; reactivate with Ctrl-A.
An orc priest comes into view. It is wielding a +0 hand axe.
You slice the fire crab!! You freeze the fire crab.
The fire crab is heavily wounded.
The fire crab bites you.
You are engulfed in flames!
The fire crab closely misses you.
You are too injured to fight recklessly!
You are too injured to fight recklessly!
Unknown command.
You hit the fire crab. You freeze the fire crab.
The fire crab is heavily wounded.
The fire crab bites you.
You are engulfed in flames!
* * * LOW HITPOINT WARNING * * *
The fire crab claws you.
* * * LOW HITPOINT WARNING * * *
You are engulfed in flames!
* * * LOW HITPOINT WARNING * * *
Blink to where?
Press: ? - help, Dir - move target
As you read the scroll of blinking, it crumbles to dust.
The fire crab breathes flames at you. The blast of flame engulfs you.
You die...
Your body crumbles into a pile of gold.

###.##..#.#.................#.###
....##..#.#.#################...#
##..##..#.........# ###.#
#.>...<..........# #.#
#.###.###........#############.#
#..............................#
######.########..#############..#
.......# ##.# #.... ######## #@##
##... #.○######### #.<.
#..☼#≈≈≈≈≈≈≈ ≈≈≈≈≈ #..$§$.#
.##### .....#..t.#$$#. $
......≈..u.# # ......≈....{o
...)#.≈###.... ..$.#.≈ $ ......


You could see a brown ugly thing, a fire crab and an orc priest.

Vanquished Creatures
  2 two-headed ogres
  An unseen horror (D:9)
  The ghost of zeratav the Conjurer, a novice OpCj (D:4)
  3 trolls
  A hornet (D:9)
  A vampire (D:9)
  2 wyverns (D:10)
  16 yaks
  A steam dragon (D:10)
  2 sky beasts
  A water moccasin (D:8)
  3 orc warriors
  A black bear (D:5)
  An ice beast (D:6)
  3 centaurs
  A phantom (D:6)
  4 bullfrogs
  7 kobold brigands
  2 gnoll sergeants
  2 necrophages
  2 scorpions
  2 wights (D:9)
  10 killer bees
  8 howler monkeys
  8 electric eels (D:9)
  2 gnoll shamans
  A jelly (D:8)
  4 orc priests
  4 hounds
  Terence (D:2)
  Jessica (D:2)
  3 iguanas
  Ijyb (D:5)
  10 orc wizards
  18 gnolls
  9 adders
  5 river rats
  A shadow imp (D:7)
  4 white imps
  An ufetubus (D:3)
  6 worms
  2 dart slugs
  36 orcs
  8 endoplasms
  10 giant cockroaches
  7 goblins
  5 hobgoblins
  12 jackals
  13 kobolds
  7 quokkas
  10 ball pythons
  5 bats
  3 frilled lizards
  12 rats
286 creatures vanquished.

Vanquished Creatures (collateral kills)
  An iguana (D:5)
1 creature vanquished.

Vanquished Creatures (others)
  25 plants (D:4)
25 creatures vanquished.

Grand Total: 312 creatures vanquished

Notes
Turn   | Place    | Note
-------+----------+-------------------------------------------
     0 | D:1      | Newman the Demonspawn Gladiator began the quest for the
                  | Orb.
     0 | D:1      | Reached XP level 1. HP: 16/16 MP: 1/1
   288 | D:1      | Gained mutation: You are partially covered in sharp spines.
                  | [demonic ancestry]
   288 | D:1      | Reached XP level 2. HP: 17/22 MP: 2/2
   391 | D:1      | Found a faded altar of an unknown god.
   487 | D:1      | Found Vifou's Magic Scroll Shop.
  1101 | D:2      | Reached XP level 3. HP: 18/27 MP: 3/3
  1407 | D:2      | Reached skill level 1 in Armour
  1542 | D:2      | Noticed Terence
  1555 | D:2      | Killed Terence
  1556 | D:2      | Gained mutation: You are mostly covered in sharp spines.
                  | [demonic ancestry]
  1556 | D:2      | Reached XP level 4. HP: 29/34 MP: 4/4
  1610 | D:2      | Noticed Jessica
  1617 | D:2      | Killed Jessica
  1980 | D:3      | You fall into a shaft and drop 2 floors!
  1980 | D:5      | Entered Level 5 of the Dungeon
  2048 | D:5      | Gained mutation: You are completely covered in sharp
                  | spines. [demonic ancestry]
  2048 | D:5      | Reached XP level 5. HP: 33/39 MP: 5/5
  2066 | D:5      | Noticed a black bear
  2078 | D:5      | Killed a black bear
  2347 | D:5      | Noticed a yak
  2347 | D:5      | Noticed a yak
  2347 | D:5      | Noticed Ijyb
  2347 | D:5      | Noticed a yak
  2523 | D:4      | Gained mutation: You have sharp fingernails. [demonic
                  | ancestry]
  2523 | D:4      | Reached XP level 6. HP: 39/46 MP: 6/6
  2754 | D:3      | Reached skill level 1 in Shields
  3467 | D:3      | Reached skill level 1 in Long Blades
  3648 | D:4      | Found a runed translucent door.
  3650 | D:4      | Noticed zeratav's ghost (novice OpCj)
  3761 | D:4      | Found a runed translucent door.
  3824 | D:4      | Noticed a yak
  3826 | D:4      | Noticed a yak
  3826 | D:4      | Noticed a yak
  3826 | D:4      | Noticed a yak
  3827 | D:4      | Noticed a yak
  3828 | D:4      | Identified the +0 ring mail "Notsia" {Will+}
  3831 | D:4      | Reached skill level 2 in Long Blades
  4053 | D:3      | Killed a yak
  4054 | D:3      | Reached skill level 3 in Long Blades
  4054 | D:3      | Gained mutation: You are partially covered in icy blue
                  | scales. (AC +2) [demonic ancestry]
  4054 | D:3      | Reached XP level 7. HP: 25/52 MP: 7/7
  4228 | D:3      | Killed a yak
  4296 | D:3      | Killed a yak
  4297 | D:3      | Reached skill level 4 in Long Blades
  4303 | D:3      | Killed a yak
  4304 | D:3      | Reached XP level 8. HP: 17/59 MP: 8/8
  4529 | D:4      | Reached skill level 5 in Long Blades
  4948 | D:4      | Found a runed translucent door.
  4949 | D:4      | Noticed Crazy Yiuf
  5152 | D:4      | Killed zeratav's ghost
  5153 | D:4      | Reached skill level 6 in Long Blades
  5243 | D:5      | Reached skill level 7 in Long Blades
  5701 | D:5      | Killed Ijyb
  5702 | D:5      | Gained mutation: You have very sharp fingernails. [demonic
                  | ancestry]
  5702 | D:5      | Reached XP level 9. HP: 65/65 MP: 9/9
  5760 | D:5      | Reached skill level 8 in Long Blades
  5762 | D:5      | Reached skill level 5 in Armour
  6005 | D:5      | Found a staircase to the Ecumenical Temple.
  6167 | Temple   | Entered the Ecumenical Temple
  6261 | Temple   | Became a worshipper of Gozag Ym Sagoz the Greedy
  6356 | D:6      | Noticed a troll
  6368 | D:6      | Killed a troll
  6369 | D:6      | Reached skill level 9 in Long Blades
  6525 | D:6      | Found a glowing drain.
  6539 | Sewer    | Entered a sewer
  7572 | D:6      | Identified the ring of the Devil's Team {rF- rN+ MP+9
                  | Stlth+}
  7600 | D:6      | Noticed a troll
  7612 | D:6      | Killed a troll
  7613 | D:6      | Reached skill level 5 in Fighting
  7613 | D:6      | Gained mutation: Your demonic aura sometimes causes spilled
                  | blood to erupt in flames. [demonic ancestry]
  7613 | D:6      | Reached XP level 10. HP: 41/74 MP: 10/10
  7762 | D:6      | Found a shadowy altar of Dithmenos.
  7877 | D:6      | Reached skill level 10 in Long Blades
  8236 | D:1      | Bought a scroll of blinking for 97 gold pieces
  8236 | D:1      | Bought a scroll of enchant weapon for 97 gold pieces
  8236 | D:1      | Bought a scroll of identify for 26 gold pieces
  8236 | D:1      | Bought a scroll of identify for 26 gold pieces
  8236 | D:1      | Bought a scroll of magic mapping for 45 gold pieces
  8236 | D:1      | Bought a scroll of teleportation for 39 gold pieces
  9016 | D:8      | Identified the +7 rapier of the Curious Portals {vorpal,
                  | Int+5}
  9042 | D:8      | Noticed a two-headed ogre
  9050 | D:8      | Killed a two-headed ogre
  9763 | D:8      | Reached skill level 11 in Long Blades
 10438 | D:9      | Noticed a two-headed ogre
 10563 | D:9      | Killed a two-headed ogre
 11355 | D:9      | Reached XP level 11. HP: 54/81 MP: 11/11
 11747 | D:9      | Reached skill level 12 in Long Blades
 12377 | D:10     | Entered Level 10 of the Dungeon
 12694 | D:10     | Noticed a fire crab
 12699 | D:10     | Noticed a brown ugly thing
 12703 | D:10     | HP: 3/81 [fire crab (shapeshifter) (8)]
 12704 | D:10     | Killed from afar by a fire crab (shapeshifter)

Illustrated notes

Levels and vault maps discovered:
D:1:      amcnicky_arrival_double_pillar, layout_loops_ring,
          shapermc_ecumenical_altar_venn, serial_shops, shop
D:2:      layout_basic, uniq_jessica, uniq_terence
D:3:      layout_loops_ring, minmay_bisected
D:4:      layout_cave_pools, ebering_ghost_sewer_f, serial_bayou,
          serial_bayou_pond_e, serial_bayou_ford_a, serial_bayou_crossing,
          serial_bayou_pond_c, serial_bayou_shore_b,
          ebering_dispersal_statue_hall, minmay_pentangle,
          uniq_crazy_yiuf_cottage
D:5:      layout_basic, temple_green, serial_park_tiny_pond, uniq_ijyb
D:6:      layout_rooms, grunt_dithmenos_smoke_and_mirrors,
          gup_sewer_entry_spiral
D:7:      layout_cave_pools
D:8:      layout_rooms
D:9:      minmay_recursive_quarters, layout_basic
D:10:     cheibrodos_ideogram_h, layout_basic, erik_lair_orcish_takeover,
          uniq_grum, uniq_josephine
Temple:   roderic_octagonal_lattice_temple

Skill      XL: |  1  2  3  4  5  6  7  8  9 10 11 |
---------------+----------------------------------+-----
Dodging        | 3 |  3.9
Axes           | 3 4 |  4.6
Armour         | 1 2 3 4 5 6 7 |  7.0
Shields        | 1 2 |  2.0
Long Blades    | 3 4 7 9 11 12 | 12.5
Fighting       | 3 4 5 6 |  6.2
Throwing       | |  1.9
Stealth        | |  0.1
Evocations     | |  0.3

Action                   |  1- 3 |  4- 6 |  7- 9 | 10-12 || total
-------------------------+-------+-------+-------+-------++-------
Melee: War axe           |    91 |    42 |       |       ||   133
       Punch             |     1 |       |     1 |     2 ||     4
       Double sword      |       |    58 |   168 |   190 ||   416
Throw: Throwing net      |       |     2 |     3 |       ||     5
       Javelin           |       |       |       |     1 ||     1
Invok: Potion Petition   |       |       |       |     1 ||     1
Evoke: Wand              |       |       |       |    10 ||    10
  Use: Scroll            |       |    12 |     5 |     8 ||    25
       Potion            |       |       |     1 |     1 ||     2
 Stab: Held in net/web   |       |       |     2 |       ||     2
       Distracted        |       |       |     1 |     1 ||     2
       Invisible         |       |       |       |     2 ||     2
Armor: Leather armour    |    17 |       |       |       ||    17
       Chain mail        |    24 |    60 |    77 |    54 ||   215
       Skin              |       |       |       |    16 ||    16
       Ring mail         |       |       |       |    32 ||    32
Dodge: Dodged            |    50 |    13 |    58 |    94 ||   215
Block: Kite shield       |    14 |    55 |       |       ||    69

Table legend: (Time is in decaauts)
 A = Elapsed time spent in this place.
 B = Non-inter-level travel time spent in this place.
 C = Inter-level travel time spent in this place.
 D = Time resting spent in this place.
 E = Time spent auto-exploring this place.
 F = Levels seen in this place.
 G = Mean time per level.
                   A        B        C        D        E       F      G
               +--------+--------+--------+--------+--------+-----+--------+
         Total |  13086 |  12088 |    998 |   2816 |   7294 |  12 | 1090.5 |
       Dungeon |  12016 |  11058 |    958 |   2816 |   6476 |  10 | 1201.6 |
        Temple |    110 |     71 |     39 |      0 |     65 |   1 |  110.0 |
         Sewer |    958 |    958 |      0 |      0 |    753 |   1 |  958.0 |
               +--------+--------+--------+--------+--------+-----+--------+

Top non-repeatable levels by time:
     D:3: 1853 daAuts
     D:9: 1815 daAuts
     D:5: 1776 daAuts
     D:8: 1280 daAuts
     D:4: 1238 daAuts
     D:1: 1158 daAuts
     D:6: 986 daAuts
   Sewer: 958 daAuts
     D:2: 946 daAuts
     D:7: 639 daAuts
    D:10: 322 daAuts
  Temple: 110 daAuts
